 Dungeon Crawl Stone Soup version 0.25-a0-860-gf695395b5c (webtiles) character file.

Game seed: 5802848582271181121, levelgen mode: deterministic

54 Maedhros the Sneak (level 3, 0/23 HPs)
             Began as an Octopode Artificer on Apr 29, 2020.
             Slain by a gnoll (3 damage)
             ... on level 3 of the Dungeon.
             The game lasted 00:02:59 (654 turns).

Maedhros the Sneak (Octopode Artificer)              Turns: 654, Time: 00:02:59

Health: 0/23       AC:  1    Str: 11    XL:     3   Next: 91%
Magic:  5/5        EV: 13    Int: 13    God:
Gold:   57         SH:  0    Dex: 13    Spells: 2/2 levels left

rFire    . . .     SeeInvis .   g - +1 dagger (drain)
rCold    . . .     Gourm    .   (no shield)
rNeg     . . .     Faith    .   (helmet restricted)
rPois    .         Spirit   .   (no amulet)
rElec    .         Reflect  .   (no ring)
rCorr    .         Harm     .   (no ring)
MR       .....                  (no ring)
Stlth    +++.......             (no ring)
HPRegen  0.07/turn              (no ring)
MPRegen  0.09/turn              (no ring)
                                (no ring)
                                (no ring)

@: no status effects
A: almost no armour, stealthy swim, amphibious, 8 rings, constrict 8, camouflage
1, gelatinous body 1
a: no special abilities


You were on level 3 of the Dungeon.
You were not hungry.

You visited 1 branch of the dungeon, and saw 3 of its levels.

You collected 57 gold pieces.

Inventory:

Hand Weapons
 a - a +0 short sword
 g - a +1 dagger of draining (weapon)
 m - a +0 club
Missiles
 l - 14 bolts
Wands
 b - a wand of flame (15)
 c - a wand of enslavement (11)
 d - a wand of random effects (26)
Scrolls
 i - 2 scrolls of teleportation {unknown}
 k - 2 scrolls of identify {unknown}
Potions
 e - a potion of mutation {unknown}
 h - a potion of cancellation {unknown}
 j - a potion of curing {unknown}
Comestibles
 f - a ration


   Skills:
 - Level 1.0 Fighting
 - Level 1.0 Short Blades
 - Level 2.0 Dodging
 - Level 4.0 Stealth
 + Level 2.1 Unarmed Combat
 - Level 3.2 Evocations


You had 2 spell levels left.
You didn't know any spells.
Your spell library was empty.

Dungeon Overview and Level Annotations

Branches:
Dungeon (3/15)

Altars:
Dithmenos


Innate Abilities, Weirdness & Mutations

You cannot wear most types of armour.
You are very stealthy in the water. (Stealth+)
You are amphibious.
You can wear up to eight rings at the same time.
You can use your tentacles to constrict eight enemies at once.
Your skin changes colour to match your surroundings (Stealth+).
Your rubbery body absorbs attacks. (AC +1, EV +1)


Message History

Aim: a gnoll, wielding a +0 spear (chance to defeat MR: 64%)
The gnoll struggles to resist.
Your goblin unwields a +0 hunting sling.
Your goblin hits the gnoll.
Evoke which item? (* to show all) (? for menu, Esc to quit)
Aiming: Enslavement
Press: ? - help, Shift-Dir - straight line, f - gnoll, p - goblin
Aim: a gnoll, wielding a +0 spear (chance to defeat MR: 64%)
The gnoll struggles to resist.
The gnoll hits you from afar with a +0 spear!
* * * LOW HITPOINT WARNING * * *
Your goblin hits the gnoll.
Evoke which item? (* to show all) (? for menu, Esc to quit)
Aiming: Enslavement
Press: ? - help, Shift-Dir - straight line, f - gnoll, p - goblin
Aim: a gnoll, wielding a +0 spear (chance to defeat MR: 64%)
The gnoll is charmed.
The quokka barely misses your goblin.
Your goblin closely misses the gnoll.
You swap places.
The gnoll hits you.
You die...

## ############
... ##.....#.>...
...###............
....#.............
..>.......$.......
..............[..
#....g........
#..@gl<.......
.....#..g.g.......
###....gr...#.....
##..(....## ####
###..#### #..#
#.g.
###.....g..r....#
$......gl........


You could see 2 gnolls, a leopard gecko, a quokka, a hobgoblin, a goblin, a
friendly gnoll and a friendly goblin.

Vanquished Creatures
  Ijyb (D:2)
  An adder (D:2)
  A dart slug (D:3)
  A giant cockroach (D:2)
  3 goblins
  3 hobgoblins
  2 kobolds
  2 bats
  2 frilled lizards
  2 rats
18 creatures vanquished.

Notes
Turn   | Place    | Note
-------+----------+-------------------------------------------
     0 | D:1      | Maedhros the Octopode Artificer began the quest for the
                  | Orb.
     0 | D:1      | Reached XP level 1. HP: 13/13 MP: 3/3
    66 | D:1      | Reached skill level 2 in Stealth
   113 | D:2      | Reached XP level 2. HP: 14/18 MP: 4/4
   120 | D:2      | Reached skill level 3 in Stealth
   227 | D:3      | Noticed Ijyb
   234 | D:2      | Killed Ijyb
   234 | D:2      | Reached skill level 4 in Stealth
   234 | D:2      | Reached skill level 1 in Unarmed Combat
   234 | D:2      | Reached XP level 3. HP: 9/23 MP: 5/5
   313 | D:2      | Found a shadowy altar of Dithmenos.
   654 | D:3      | Slain by a gnoll

Levels and vault maps discovered:
D:1:      dpeg_arrival_concentric_ovals, layout_loops_ring,
          chequers_serial_rivers_micro_c, st_stairs_1
D:2:      layout_basic, palyth_stone_intersect, grunt_dithmenos_smoke
D:3:      layout_rooms, uniq_ijyb

Skill      XL: |  1  2  3 |
---------------+----------+-----
Stealth        | 2 4 |  4.0
Unarmed Combat | 1 2 |  2.1
Fighting       | |  1.0
Short Blades   | |  1.0
Dodging        | |  2.0
Evocations     | |  3.2

Action                   || total
-------------------------++-------
Melee: Dagger            ||    32
       Tentacles         ||     7
       Constrict         ||     7
       Club              ||     1
Evoke: Wand              ||     4
 Stab: Sleeping          ||     5
       Distracted        ||     1
Armor: Skin              ||     6
Dodge: Dodged            ||    25

Table legend:
 A = Non-vault XP
 B = Vault XP
 C = Vault XP percentage of total XP
 D = Non-vault monster count
 E = Vault monster count
 F = Vault count percentage of total count
                 A         B        C        D         E       F
            +---------+---------+-------+---------+---------+-------
      Total |      38 |      40 |  51.3 |      15 |       3 |  16.7
            +---------+---------+-------+---------+---------+-------
        D:1 |       3 |       4 |  57.1 |       3 |       2 |  40.0
        D:2 |      29 |      36 |  55.4 |      10 |       1 |   9.1
        D:3 |       6 |       0 |   0.0 |       2 |       0 |   0.0
            +---------+---------+-------+---------+---------+-------
